 Dungeon Crawl Stone Soup version 0.30-a0-50-gb2d611f6b1 (webtiles) character file.

Game seed: 2083543013092393308

2811 porpoise the Spear-Bearer (level 9, -2/72 HPs)
             Began as a Demonspawn Gladiator on Sept 4, 2022.
             Shot with an arrow by a centaur (7 damage)
             ... on level 7 of the Dungeon.
             The game lasted 00:16:58 (7237 turns).

porpoise the Spear-Bearer (Demonspawn Gladiator)    Turns: 7237, Time: 00:16:59

Health: -2/72      AC:  7    Str: 19    XL:     9   Next: 44%
Magic:  9/9        EV: 11    Int: 10    God:
Gold:   344        SH:  0    Dex: 14    Spells: 8/8 levels left

rFire   . . .      SeeInvis .    a - +1 trident
rCold   . . .      Faith    .    (no shield)
rNeg    . . .      Spirit   .    p - +0 ring mail
rPois   +          Reflect  .    (helmet restricted)
rElec   .          Harm     .    v - +0 cloak
rCorr   .          Rampage  .    (no gloves)
Will    .....                    A - +0 pair of boots
Stlth   +.........               (no amulet)
HPRegen 0.22/turn                r - +4 ring of slaying
MPRegen 0.11/turn                j - ring of flight

@: flying
A: foul stench 1, powered by pain 2, demonic touch 2, antennae 1, poison
resistance
a: no special abilities


You were on level 7 of the Dungeon.
You visited 1 branch of the dungeon, and saw 7 of its levels.

You collected 425 gold pieces.
You spent 81 gold pieces at shops.

Inventory:

Hand Weapons
 a - a +1 trident (weapon)
 b - a +0 sling
 k - a +5 short sword
 y - the +8 rapier "Jus Hufo" {drain, Stlth+}
   (You found it on level 6 of the Dungeon)

   A truly terrible weapon, it drains the life of any living foe it strikes.
   Stlth:     It makes you more stealthy.
Missiles
 e - a javelin (quivered)
 i - 2 throwing nets
Armour
 p - a +0 ring mail (worn)
 v - a +0 cloak (worn)
 A - a +0 pair of boots (worn)
Magical Staves
 u - a staff of poison
Jewellery
 j - a ring of flight (right hand)
 r - a +4 ring of slaying (left hand)
Scrolls
 c - a scroll of silence {unknown}
 f - a scroll of enchant weapon
 g - 4 scrolls of blinking
 h - a scroll of immolation
 m - a scroll of fear
 n - a scroll of magic mapping
 o - 2 scrolls of noise
 q - a scroll of brand weapon {unknown}
 w - a scroll of summoning {unknown}
 x - a scroll of enchant armour {unknown}
 B - a scroll of vulnerability {unknown}
Potions
 d - 2 potions of curing
 l - a potion of attraction
 s - 2 potions of brilliance
 t - a potion of mutation
 z - a potion of cancellation


   Skills:
 - Level 7.0 Fighting
 + Level 10.7 Polearms
 - Level 1.7 Throwing
 - Level 2.6 Dodging


You had 8 spell levels left.
You didn't know any spells.
Your spell library contained the following spells:

 Spells                   Type           Power      Damage    Failure   Level
 Apportation              Tloc           0%         N/A       54%         1
 Slow                     Hex            0%         N/A       54%         1
 Sting                    Tmut/Pois      0%         1d3       54%         1
 Summon Small Mammal      Summ           0%         N/A       54%         1
 Poisonous Vapours        Pois/Air       0%         N/A       69%         2
 Call Canine Familiar     Summ           0%         N/A       89%         3
 Confusing Touch          Hex            0%         N/A       89%         3
 Summon Guardian Golem    Hex/Summ       0%         N/A       89%         3
 Tukima's Dance           Hex            0%         N/A       89%         3
 Vampiric Draining        Necr           0%         2d6       89%         3
 Olgreb's Toxic Radiance  Pois           0%         N/A       100%        4
 Passage of Golubria      Tloc           0%         N/A       100%        4
 Alistair's Intoxication  Tmut/Pois      0%         N/A       100%        5
 Yara's Violent Unravell  Hex/Tmut       0%         3d3       100%        5


Dungeon Overview and Level Annotations

Branches:
Dungeon (7/15)
 Temple: D:4-7

Altars:
Ashenzari
Cheibriados
Fedhas
Kikubaaqudgha
Ru
Sif Muna
Trog
Xom

Shops:
D:2 *   D:3 [

Annotations:
D:4 2 transporters, LnG's ghost, amateur HOFi
D:5 2 runed translucent doors, Newt's ghost, novice PaMo


Innate Abilities, Weirdness & Mutations

You may rarely emit foul miasma when damaged in melee.
You sometimes gain power by taking damage.
Your touch may inflict irresistible damage on your foes.
You have a pair of small antennae on your head.
Your system is resistant to poisons. (rPois)


Message History

You closely miss Joseph.
You touch Joseph!
Joseph is heavily wounded.
The orc hits you with a +0 whip. Joseph hits you with a +0 quarterstaff!
* * * LOW HITPOINT WARNING * * *
The grasping roots constrict you!
* * * LOW HITPOINT WARNING * * *
Unknown command.
You feel better. The orc barely misses you.
A black bear comes into view.
Joseph hits you with a +0 quarterstaff!
* * * LOW HITPOINT WARNING * * *
You emit a cloud of foul miasma!
The grasping roots constrict you.
* * * LOW HITPOINT WARNING * * *
You barely miss the orc.
The black bear growls angrily.
You touch the orc.
You kill the orc!
The grasping roots release their grip on you.
You hit Joseph.
Joseph is heavily wounded.
Joseph is engulfed in dark miasma.
Joseph is poisoned.
Joseph zaps a wand.
The roots erupt in riotous growth!
The grasping roots grab you!
Joseph is unaffected.
The grasping roots constrict you.
* * * LOW HITPOINT WARNING * * *
You hear a shout!
You feel better.
Joseph is engulfed in dark miasma.
Joseph looks even sicker.
Joseph hits you with a +0 quarterstaff!
* * * LOW HITPOINT WARNING * * *
The grasping roots constrict you.
* * * LOW HITPOINT WARNING * * *
A centaur comes into view.
You puncture Joseph!
Joseph is almost dead.
Joseph is engulfed in dark miasma.
Joseph looks even sicker.
Joseph seems to slow down.
You kill Joseph!
The centaur wields a +0 shortbow.
The centaur shoots an arrow.
The arrow hits you!
You die...

...# # ...#.# #.#
#..#.## #.# #.....# #.#
#..#..# #.#
#..##.####.# #
#..........###### c..
##....>...........
##..####@......c......#
@......○)..##.#######.#
#........###.# #.#
.....########.# #.#
.... .........# #.# .#.
.######### #.# .
########.# #........#
#.########


You could see a centaur.

Vanquished Creatures
  Joseph (D:7)
  Grinder (D:3)
  Sigmund (D:2)
  Edmund (D:6)
  3 water moccasins (D:6)
  Duvessa (D:5)
  An ice beast (D:3)
  A black bear (D:6)
  2 ogres
  A centaur (D:7)
  A bullfrog (D:7)
  A necrophage (D:6)
  A gnoll sergeant (D:6)
  3 scorpions (D:5)
  Dowan (D:5)
  9 wights
  3 jellies
  6 hounds
  2 iguanas
  3 gnolls
  9 adders
  3 white imps
  3 ufetubi
  5 worms
  2 dart slugs (D:1)
  9 orcs
  2 bats
  7 endoplasms
  2 giant cockroaches
  14 goblins
  11 hobgoblins
  3 jackals (D:1)
  A quokka (D:2)
  7 ball pythons
  3 frilled lizards
  10 kobolds
  2 rats (D:1)
136 creatures vanquished.

Notes
Turn   | Place    | Note
-------+----------+-------------------------------------------
     0 | D:1      | porpoise the Demonspawn Gladiator began the quest for the
                  | Orb.
     0 | D:1      | Reached XP level 1. HP: 16/16 MP: 1/1
   136 | D:1      | Found a faded altar of an unknown god.
   164 | D:1      | Reached skill level 3 in Polearms
   195 | D:1      | Gained mutation: You sometimes gain a little power by
                  | taking damage. [demonic ancestry]
   195 | D:1      | Reached XP level 2. HP: 17/23 MP: 2/2
  1047 | D:2      | Gained mutation: Your touch may inflict minor irresistible
                  | damage on your foes. [demonic ancestry]
  1047 | D:2      | Reached XP level 3. HP: 28/28 MP: 3/3
  1616 | D:2      | Noticed Sigmund
  1618 | D:2      | Gained mutation: You have a pair of small antennae on your
                  | head. [potion of mutation]
  1618 | D:2      | Gained mutation: Your system is resistant to poisons.
                  | (rPois) [potion of mutation]
  1631 | D:2      | Killed Sigmund
  1632 | D:2      | Reached skill level 4 in Polearms
  1632 | D:2      | Gained mutation: You sometimes gain power by taking damage.
                  | [demonic ancestry]
  1632 | D:2      | Reached XP level 4. HP: 22/38 MP: 4/4
  1632 | D:2      | Reached XP level 5. HP: 26/43 MP: 5/5
  1765 | D:2      | Found Gacw's Assorted Antiques.
  1768 | D:2      | Bought a scroll labelled GEOBUGHOAKI for 27 gold pieces
  1768 | D:2      | Bought a scroll labelled LUAMOH COWAROE for 27 gold pieces
  1768 | D:2      | Bought a scroll labelled OLAWKIAXKA for 27 gold pieces
  2424 | D:3      | Noticed an ice beast
  2435 | D:3      | Killed an ice beast
  2436 | D:3      | Reached skill level 5 in Polearms
  2436 | D:3      | Reached XP level 6. HP: 31/50 MP: 6/6
  2638 | D:3      | Noticed Grinder
  2653 | D:3      | Paralysed by Grinder for 4 turns
  2659 | D:3      | Killed Grinder
  2660 | D:3      | Reached skill level 5 in Fighting
  2660 | D:3      | Gained mutation: Your touch may inflict irresistible damage
                  | on your foes. [demonic ancestry]
  2660 | D:3      | Reached XP level 7. HP: 12/56 MP: 7/7
  3202 | D:3      | Found Zapanuer's Antique Armour Emporium.
  3430 | D:3      | Found a shimmering altar of Xom.
  3832 | D:4      | Found a shimmering blue altar of Sif Muna.
  3872 | D:4      | Found a transporter.
  3872 | D:4      | Noticed LnG's ghost (amateur HOFi)
  3903 | D:4      | Found a transporter.
  4299 | D:5      | Entered Level 5 of the Dungeon
  4410 | D:5      | Noticed Duvessa
  4416 | D:5      | Noticed Dowan
  4425 | D:5      | Reached skill level 6 in Polearms
  4427 | D:5      | Killed Duvessa
  4433 | D:5      | Killed Dowan
  4493 | D:5      | Found a large runed translucent door.
  4494 | D:5      | Found a large runed translucent door.
  4638 | D:5      | Found a bloodstained altar of Trog.
  4750 | D:5      | Reached XP level 8. HP: 51/65 MP: 8/8
  4880 | D:5      | Reached skill level 7 in Polearms
  4983 | D:5      | Noticed Newt's ghost (novice PaMo)
  5124 | D:6      | Identified the +8 rapier "Jus Hufo" {drain, Stlth+}
  5244 | D:6      | Found a blossoming altar of Fedhas.
  5251 | D:6      | Found an ancient bone altar of Kikubaaqudgha.
  5254 | D:6      | Found a sacrificial altar of Ru.
  5257 | D:6      | Found a broken altar of Ashenzari.
  5567 | D:6      | Reached skill level 8 in Polearms
  5975 | D:6      | Reached skill level 9 in Polearms
  6007 | D:6      | Noticed Edmund
  6022 | D:6      | Killed Edmund
  6296 | D:6      | Gained mutation: You may rarely emit foul miasma when
                  | damaged in melee. [demonic ancestry]
  6296 | D:6      | Reached XP level 9. HP: 24/72 MP: 9/9
  6734 | D:6      | Reached skill level 10 in Polearms
  7158 | D:7      | Found a snail-covered altar of Cheibriados.
  7217 | D:7      | Noticed Joseph
  7237 | D:7      | Killed Joseph
  7237 | D:7      | Shot with an arrow by a centaur

Illustrated notes

Levels and vault maps discovered:
D:1:      nzn_arrival_crosshair, layout_basic,
          nicolae_ecumenical_snake_handling, chequers_serial_rivers_micro_e
D:2:      cheibrodos_greedy_goblins, layout_loops_cross, serial_shops,
          nicolae_shop_behind_doors, basic_altar, nicolae_wormholes,
          uniq_sigmund
D:3:      layout_loops_corners, marbit_many_paths, serial_shops,
          nicolae_shop_waterfront, uniq_grinder
D:4:      layout_layer_cave, mainiacjoe_overflow_brackets,
          gammafunk_ghost_mausoleum
D:5:      layout_rooms, mainiacjoe_overflow_chevrons,
          ebering_ghost_disaster_area, uniq_duvessa
D:6:      layout_gridville, grunt_temple_overflow_cloverleaf,
          grunt_ministairs_11, uniq_edmund
D:7:      layout_loops_ring, mainiacjoe_overflow_paths,
          mainiacjoe_overflow_small_starburst, minmay_temple_entry_sparse_star,
          minmay_misc_feat_cross, uniq_joseph

Skill      XL: |  1  2  3  4  5  6  7  8  9 |
---------------+----------------------------+-----
Polearms       | 3 4 5 6 9 10 | 10.7
Fighting       | 4 5 6 7 |  7.0
Throwing       | |  1.7
Dodging        | |  2.6

Action                   |  1- 3 |  4- 6 |  7- 9 || total
-------------------------+-------+-------+-------++-------
Melee: Trident           |    99 |    66 |   241 ||   406
       Touch             |     2 |     8 |    33 ||    43
       Punch             |       |       |     4 ||     4
Throw: Throwing net      |     3 |       |       ||     3
  Use: Potion            |     2 |       |     2 ||     4
       Scroll            |       |       |    13 ||    13
 Stab: Sleeping          |     1 |       |       ||     1
Armor: Leather armour    |    22 |       |       ||    22
       Ring mail         |     1 |     9 |    32 ||    42
Dodge: Dodged            |    35 |    20 |    76 ||   131

Table legend: (Time is in decaauts)
 A = Elapsed time spent in this place.
 B = Non-inter-level travel time spent in this place.
 C = Inter-level travel time spent in this place.
 D = Time resting spent in this place.
 E = Time spent auto-exploring this place.
 F = Levels seen in this place.
 G = Mean time per level.
                   A        B        C        D        E       F      G
               +--------+--------+--------+--------+--------+-----+--------+
         Total |   7232 |   7035 |    197 |   2033 |   3981 |   7 | 1033.1 |
       Dungeon |   7232 |   7035 |    197 |   2033 |   3981 |   7 | 1033.1 |
               +--------+--------+--------+--------+--------+-----+--------+

Top non-repeatable levels by time:
     D:6: 1548 daAuts
     D:3: 1363 daAuts
     D:2: 1217 daAuts
     D:5: 1022 daAuts
     D:1: 1018 daAuts
     D:4: 720 daAuts
     D:7: 340 daAuts
